 Dungeon Crawl Stone Soup version 0.31.0-11-ge490571c62 (webtiles) character file.

Game seed: 9129834399288752751

3089 Eli6969696 the Arsonist (level 9, 0/67 HPs)
             Began as a Black Draconian Fire Elementalist on Jan 26, 2024.
             Was an Initiate of Sif Muna.
             Succumbed to a killer bee's poison
             ... on level 11 of the Dungeon.
             The game lasted 01:21:42 (20336 turns).

Eli6969696 the Arsonist (DrFE)                     Turns: 20336, Time: 01:21:43

Health: 0/67       AC: 11    Str: 13    XL:     9   Next: 59%
Magic:  6/26       EV: 11    Int: 18    God:    Sif Muna [......]
Gold:   442        SH:  9    Dex: 11    Spells: 16/19 levels left

rFire   . . .        k - +5 dagger (vamp)
rCold   . . .        C - +1 kite shield
rNeg    . . .        (body armour unavailable)
rPois   .            (helmet restricted)
rElec   +            g - scarf {repulsion}
rCorr   .            (no gloves)
SInv    .            (no boots)
Will    .....        (no amulet)
Stlth   ++           o - ring of magical power
HPRegen 0.31/turn    T - +4 ring of protection
MPRegen 0.20/turn

%: repel missiles
@: lethally poisoned (0 -> -8), short of breath, weak-willed
A: breathe lightning, AC +7, unfitting armour, electricity resistance,
cold-blooded
a: Breathe Lightning, Renounce Religion


You were on level 11 of the Dungeon.
You worshipped Sif Muna.
Sif Muna was noncommittal.
You visited 2 branches of the dungeon, and saw 10 of its levels.

You collected 488 gold pieces.
You spent 46 gold pieces at shops.

Inventory:

Hand Weapons
 f - the +7 trident "Uduiwkig" {spect, +Blink rC+ Dex+2}
   (You found it on level 6 of the Dungeon)

   Dex+2:     It affects your dexterity (+2).
   rC+:       It protects you from cold.
   +Blink:    It lets you blink.
 k - a +5 vampiric dagger (weapon)
 n - a +2 vampiric short sword
 p - a +0 dagger
 s - a +0 falchion
 t - a +0 dagger
 v - a +0 dagger
 D - a +0 dagger
 H - a +0 dagger
 J - a +0 scythe
 M - a +0 trident
 R - a +0 dagger
 W - a +0 dagger
Missiles
 d - 11 poisoned darts
 E - 76 stones
 G - 3 darts of dispersal
Armour
 c - a +0 robe
 g - a scarf of repulsion (worn)
 j - a +0 robe
 m - a scarf of resistance
 w - the +0 plate armour of the Pits of Slime {rC+ Regen+ Int-5 Dex+2}
   (You found it on level 7 of the Dungeon)

   Int-5:     It affects your intelligence (-5).
   Dex+2:     It affects your dexterity (+2).
   rC+:       It protects you from cold.
   Regen+:    It increases your rate of health regeneration.
 x - a +0 leather armour
 B - the +3 leather armour "Lucw" {Rampage}
   (You found it on level 2 of the Dungeon)

   Rampage:   It bestows one free step when moving towards enemies.
 C - a +1 kite shield (worn)
 F - a +0 ring mail
 I - a +0 robe
 K - a +0 robe
 P - a +0 robe
 S - a +0 tower shield
 X - the +0 robe "Iruag" {rElec rF- Regen+}
   (You found it on level 6 of the Dungeon)

   rF-:       It makes you vulnerable to fire.
   rElec:     It insulates you from electricity.
   Regen+:    It increases your rate of health regeneration.
 Y - the orb of Duty {guile, rElec}
   (You found it on level 4 of the Dungeon)

   rElec:     It insulates you from electricity.
Magical Staves
 u - a staff of cold
 Q - a staff of fire
Jewellery
 o - a ring of magical power (left hand)
 T - a +4 ring of protection (right hand)
Talismans
 i - a beast talisman
Wands
 y - a wand of iceblast (21)
Scrolls
 b - 2 scrolls of noise
 h - 3 scrolls of identify
 l - a scroll of revelation (quivered)
 A - a scroll of amnesia
 V - a scroll of vulnerability
Potions
 a - a potion of magic
 e - a potion of cancellation
 r - a potion of might
 z - a potion of heal wounds {unknown}
 L - 2 potions of haste
 O - a potion of attraction
 U - a potion of brilliance
 Z - a potion of mutation {unknown}


   Skills:
 + Level 2.3 Fighting
 * Level 5.6 Short Blades
 + Level 0.3 Throwing
 + Level 3.7 Dodging
 + Level 3.5 Stealth
 * Level 2.6 Shields
 + Level 0.1 Unarmed Combat
 * Level 5.8 Spellcasting
 + Level 4.0 Conjurations
 - Level 8.0 Fire Magic


You had 16 spell levels left.
You knew the following spells:

 Your Spells              Type           Power      Damage    Failure   Level
a - Foxfire               Conj/Fire      100%       2x1d9     3%          1
b - Scorch                Fire           68%        2d7       2%          2

Your spell library contained the following spells:

 Spells                   Type           Power      Damage    Failure   Level
 Inner Flame              Hex/Fire       19%        N/A       26%         3
 Volatile Blastmotes      Fire/Tloc      38%        2d13      26%         3
 Flame Wave               Conj/Fire      27%        2d9       36%         4
 Necrotise                Necr           20%        1d5       41%         1
 Call Canine Familiar     Summ           5%         N/A       80%         3
 Sigil of Binding         Hex            5%         N/A       80%         3
 Tukima's Dance           Hex            5%         N/A       80%         3
 Vampiric Draining        Necr           5%         2d6       80%         3
 Iskenderun's Mystic Bla  Conj/Tloc      12%        2d5       89%         4
 Dimensional Bullseye     Hex/Tloc       2%         N/A       99%         4
 Martyr's Knell           Necr/Summ      5%         N/A       99%         4
 Curse of Agony           Necr           5%         N/A       100%        5


Dungeon Overview and Level Annotations

Branches:
Dungeon (11/15)            Temple (1/1) D:6
   Lair: D:8-11         Orc: D:9-12

Altars:
Ashenzari
Cheibriados
Dithmenos
Elyvilon
Kikubaaqudgha
Makhleb
Nemelex Xobeh
Okawaru
Qazlal
Ru
Sif Muna
Trog
Vehumet
Wu Jian
Xom
Yredelemnul
Zin
The Shining One

Shops:
D:2 *

Annotations:
D:11 3 runed translucent doors, Shen's ghost, journeyman DsFi


Innate Abilities, Weirdness & Mutations

You can breathe wild blasts of lightning.
Your glossy black scales are hard. (AC +7)
You cannot fit into any form of body armour.
You are resistant to electric shocks. (rElec)
You are cold-blooded and may be slowed by cold attacks.


Message History

You are poisoned.
The killer bee poisons you! The boulder beetle bites you!
* * * LOW HITPOINT WARNING * * *
The killer bee stings you but does no damage. x2
Casting: Scorch (safe; 2% risk of failure)
Confirm with . or Enter, or press ? or * to list all spells.
Flames lash the boulder beetle but do no damage.
You feel sick.
The boulder beetle is no longer more vulnerable to fire.
The killer bee closely misses you. The killer bee barely misses you.
The boulder beetle closely misses you.
The killer bee stings you but does no damage.
You block the killer bee's attack.
You hit the boulder beetle but do no damage.
The boulder beetle is lightly wounded.
You feel sick.
The killer bee stings you but does no damage.
The killer bee stings you.
* * * LOW HITPOINT WARNING * * *
You are lethally poisoned!
The killer bee poisons you! You block the boulder beetle's attack.
You hit the killer bee.
Your tail-slap misses the killer bee.
The killer bee is heavily wounded.
* * * LOW HITPOINT WARNING * * *
You feel very sick. You block the killer bee's attack.
The killer bee stings you but does no damage. x2
The killer bee barely misses you.
Casting: Scorch (safe; 2% risk of failure)
Confirm with . or Enter, or press ? or * to list all spells.
Flames lash the killer bee.
The killer bee is heavily wounded.
The killer bee's fire resistance burns away.
* * * LOW HITPOINT WARNING * * *
You feel very sick. You block the killer bee's attack.
The killer bee barely misses you. You block the boulder beetle's attack.
You block the killer bee's attack.
You hit the red ugly thing.
You feel better.
You tail-slap the red ugly thing.
The red ugly thing is lightly wounded.
You die...

# #.##.#.# #.#.
# #.##.#.# .# #
####.##.#.# .#^#
........#.##
##.#.##
####)......#
#.....
######..#####..#
#.....B...# #
#..#####.##.#
#......y@B..#
##)#####u####
#.# #y# ... #y#
#... #y# #...#
#y# ##.## #.#
#.# #.# ...


You could see a boulder beetle (weak-willed), a red ugly thing and 5 killer
bees.

Vanquished Creatures
  Prince Ribbit (D:5)
  Sigmund (D:3)
  A steam dragon (D:6)
  3 water moccasins
  A sky beast (D:7)
  A black bear (D:6)
  2 ice beasts (D:6)
  2 orc warriors (D:7)
  2 ogres
  A centaur (D:11)
  A kobold brigand (D:6)
  A phantom (D:5)
  2 bullfrogs
  5 scorpions
  3 bombardier beetles
  4 hounds
  2 jellies (D:6)
  5 orc priests
  4 iguanas
  8 orc wizards
  8 adders
  A shadow imp (D:6)
  A white imp (D:6)
  2 ufetubi (D:5)
  A dart slug (D:1)
  A ribbon worm (D:1)
  27 orcs
  6 endoplasms
  4 giant cockroaches
  11 goblins
  3 hobgoblins
  2 jackals (D:2)
  10 quokkas
  7 ball pythons
  11 bats
  6 frilled lizards
  2 frilled lizard zombies (D:3)
  15 kobolds
  12 rats (D:1)
180 creatures vanquished.

Vanquished Creatures (others)
  329 foxfires
329 creatures vanquished.

Grand Total: 509 creatures vanquished

Notes
Turn   | Place    | Note
-------+----------+-------------------------------------------
     0 | D:1      | Eli6969696 the Draconian Fire Elementalist began the quest
                  | for the Orb.
     0 | D:1      | Reached XP level 1. HP: 14/14 MP: 3/3
   258 | D:1      | Reached XP level 2. HP: 20/20 MP: 0/5
  2505 | D:2      | Reached XP level 3. HP: 26/26 MP: 6/6
  3205 | D:2      | Found Woirrov's Assorted Antiques.
  3402 | D:2      | Bought a scroll labelled ORUINNIE CELOI for 23 gold pieces
  3402 | D:2      | Bought a scroll labelled YCKIAB ZIS for 23 gold pieces
  3813 | D:2      | Identified the +3 leather armour "Lucw" {Rampage}
  4081 | D:2      | Reached XP level 4. HP: 33/33 MP: 7/7
  4172 | D:2      | Reached skill level 1 in Short Blades
  4333 | D:3      | Noticed Sigmund
  5262 | D:3      | Killed Sigmund
  5263 | D:3      | Reached skill level 1 in Fighting
  5263 | D:3      | Reached XP level 5. HP: 31/40 MP: 4/9
  5644 | D:3      | Found a faded altar of an unknown god.
  5997 | D:3      | Reached XP level 6. HP: 47/47 MP: 10/10
  7244 | D:3      | Found an ancient bone altar of Kikubaaqudgha.
  7565 | D:4      | Identified the orb of Duty {guile, rElec}
  7621 | D:4      | Reached skill level 4 in Fire Magic
  7928 | D:4      | Learned a level 2 spell: Scorch
  8364 | D:4      | Reached skill level 1 in Shields
  8899 | D:4      | Your scales start taking on a glossy black colour.
  8899 | D:4      | Reached XP level 7. HP: 51/52 MP: 6/12
  8899 | D:4      | Gained mutation: You are resistant to electric shocks.
                  | (rElec) [Black Draconian growth]
  9719 | D:5      | Entered Level 5 of the Dungeon
  9728 | D:5      | Reached skill level 5 in Fire Magic
 10504 | D:5      | Reached XP level 8. HP: 59/59 MP: 9/13
 11196 | D:5      | Noticed Prince Ribbit
 11214 | D:5      | Killed Prince Ribbit
 11215 | D:5      | Reached skill level 6 in Fire Magic
 13362 | D:5      | Identified the +1 dagger of Anger {antimagic, Fly rC+ rN++
                  | Str-5}
 13890 | D:6      | Identified the +7 trident "Uduiwkig" {spect, +Blink rC+
                  | Dex+2}
 13895 | D:6      | Identified the +0 robe "Iruag" {rElec rF- Regen+}
 14112 | D:6      | Reached skill level 7 in Fire Magic
 14128 | D:6      | Reached skill level 5 in Short Blades
 14593 | D:6      | Found a staircase to the Ecumenical Temple.
 14651 | D:6      | Reached XP level 9. HP: 51/67 MP: 16/16
 14694 | D:6      | Reached skill level 5 in Spellcasting
 14758 | Temple   | Entered the Ecumenical Temple
 14918 | Temple   | Became a worshipper of Sif Muna the Loreminder
 15440 | D:6      | Found a radiant altar of Vehumet.
 17526 | D:7      | HP: 1/67 [something/magic dart (4)]
 18826 | D:7      | Identified the +0 plate armour of the Pits of Slime {rC+
                  | Regen+ Int-5 Dex+2}
 18992 | D:7      | Reached skill level 8 in Fire Magic
 19372 | D:7      | Found a sparkling altar of Nemelex Xobeh.
 19936 | D:8      | You fall into a shaft and drop 3 floors!
 20051 | D:11     | Noticed a boulder beetle
 20084 | D:11     | Found a runed translucent gate.
 20084 | D:11     | Found a runed translucent gate.
 20084 | D:11     | Found a runed translucent gate.
 20084 | D:11     | Noticed Shen's ghost (journeyman DsFi)
 20084 | D:11     | Noticed a two-headed ogre
 20088 | D:11     | Noticed a cyan ugly thing
 20325 | D:11     | Noticed a red ugly thing
 20334 | D:11     | HP: 3/67 [poisoned by a killer bee]
 20335 | D:11     | HP: 1/67 [poisoned by a killer bee]
 20336 | D:11     | Succumbed to a killer bee's poison

Illustrated notes

Levels and vault maps discovered:
D:1:      amcnicky_arrival_underground_garden, layout_basic, serial_forest,
          infiniplex_forest_straight_3, infiniplex_forest_clump_double,
          infiniplex_forest_clump_medium, infiniplex_forest_straight_5,
          infiniplex_forest_lined_corner, infiniplex_forest_lined_room_2,
          infiniplex_forest_clump_C, minmay_rat_gold_closets
D:2:      layout_rooms, serial_shops, shop, grunt_ministairs_15,
          nrook_mini_backslash
D:3:      layout_rooms, lemuel_zombie_altar_kikubaaqudgha,
          chequers_ecumenical_altar_island, uniq_sigmund
D:4:      layout_cave_pools
D:5:      layout_layer_cave, glass_columns_b, uniq_prince_ribbit1
D:6:      layout_rooms, nicolae_vehumet_radiance, minmay_temple_entry_crystal_x,
          nicolae_nh_ransacked_shop
D:7:      layout_basic, nemelex_spade_bored_becter
D:8:      nicolae_hitomezashi [nicolae_hito_row, nicolae_hito_row,
          nicolae_hito_row, nicolae_hito_row, nicolae_hito_row,
          nicolae_hito_row, nicolae_hito_row, nicolae_hito_row,
          nicolae_hito_row, nicolae_hito_row, nicolae_hito_row,
          nicolae_hito_row, nicolae_hito_row, nicolae_hito_row,
          nicolae_hito_row, nicolae_hito_row, nicolae_hito_row,
          nicolae_hito_row], layout_basic,
          mainiacjoe_overflow_concentric_impassable, overflow_temple_1_default,
          old_standard_altar
D:11:     layout_loops_ring, grunt_lair_entry_orc_guard_hut,
          gammafunk_ghost_split
Temple:   hellmonk_temple_of_storms

Skill      XL: |  1  2  3  4  5  6  7  8  9 |
---------------+----------------------------+-----
Dodging        | 2 3 |  3.7
Stealth        | 2 3 |  3.5
Short Blades   | 2 3 5 |  5.6
Fighting       | 1 2 |  2.3
Conjurations   | 2 3 4 |  4.0
Spellcasting   | 3 4 5 |  5.8
Fire Magic     | 4 5 7 8 |  8.0
Shields        | 1 2 |  2.6
Throwing       | |  0.3
Unarmed Combat | |  0.1

Action                     |  1- 3 |  4- 6 |  7- 9 || total
---------------------------+-------+-------+-------++-------
  Melee: Unarmed           |    10 |       |       ||    10
         Tailslap          |   222 |     5 |    20 ||   247
         Club              |   680 |       |       ||   680
         Dagger            |   162 |    71 |   210 ||   443
         Punch             |    12 |       |       ||    12
  Throw: Dart              |     2 |     1 |     1 ||     4
   Cast: Foxfire           |    46 |    42 |   109 ||   197
         Scorch            |       |     5 |    75 ||    80
Ability: Breathe Lightning |       |       |     2 ||     2
    Use: Scroll            |     2 |     7 |    13 ||    22
         Potion            |       |       |     9 ||     9
   Stab: Sleeping          |     6 |       |       ||     6
 Armour: Skin              |    80 |    92 |   187 ||   359
  Dodge: Dodged            |    57 |    66 |   117 ||   240
         Repelled          |     3 |     1 |     3 ||     7
  Block: Kite shield       |       |    50 |   113 ||   163
